 Dungeon Crawl Stone Soup version 0.20-a0-972-gb9bd3e6 (webtiles) character file.

780979 M4edhros the Executioner (level 27, -8/245 (248) HPs)
             Began as a Minotaur Berserker on Apr 7, 2017.
             Was the Champion of the Shining One.
             Mangled by an iron dragon (13 damage)
             ... on level 7 of the Iron City of Dis on Apr 9, 2017.
             The game lasted 03:48:25 (36208 turns).

M4edhros the Executioner (Minotaur Berserker)      Turns: 36208, Time: 03:48:25

HP:   -8/245 (248)  AC: 49    Str: 22    XL:     27
MP:   29/36         EV: 21    Int:  7    God:    the Shining One [******]
Gold: 4358          SH: 22    Dex: 22    Spells: 31/47 levels left

rFire    + + .     SeeInvis .   b - +7 broad axe (holy)
rCold    + + +     Gourm    .   q - +2 shield of Resistance {rF+ rC+ MR+}
rNeg     + + +     Faith    .   O - +8 crystal plate armour
rPois    +         Spirit   .   E - +1 hat {Int+3}
rElec    .         Reflect  .   i - +2 cloak {MR+}
rCorr    +         Harm     .   j - +2 pair of gloves {Dex+3}
MR       +++++                  S - +2 pair of boots "Zock" {rCorr}
Stlth    ..........             A - amulet of regeneration
Regen    0.9/turn               W - ring of Buha {rPois rF+ rC+ Int-2}
MPRegen  0.3/turn               y - ring "Yled" {MR++ EV+4}

@: glowing, studying Throwing
A: retaliatory headbutt, beak, hooves 1, horns 2, large bone plates 1, yellow
scales 1, clumsy 1, cold resistance 1
}: 7/15 runes: barnacled, slimy, silver, obsidian, icy, bone, gossamer
a: Divine Shield, Cleansing Flame, Summon Divine Warrior, Renounce Religion


You were on level 7 of the Iron City of Dis.
You worshipped the Shining One.
The Shining One was exalted by your worship.
You were hungry.

You visited 16 branches of the dungeon, and saw 85 of its levels.
You visited 2 bazaars.
You also visited: Labyrinth and Ice Cave.

You collected 9753 gold pieces.
You spent 5395 gold pieces at shops.

Inventory:

Hand Weapons
 b - a +7 broad axe of holy wrath (weapon)
 r - a +0 blowgun
Missiles
 v - 8 silver javelins (quivered)
 w - 33 needles of sleeping
 z - 7 needles of paralysis
 B - 13 curare-tipped needles
 C - 21 javelins of returning
 J - 18 steel javelins
 T - 41 javelins of penetration
Armour
 i - a +2 cloak of magic resistance (worn)
 j - a +2 pair of gloves of dexterity (worn)
 q - the +2 shield of Resistance (worn) {rF+ rC+ MR+}
   (You found it on level 2 of the Crypt)

   It protects you from fire.
   It protects you from cold.
   It affects your resistance to hostile enchantments.
 E - a +1 hat of intelligence (worn)
 O - a +8 crystal plate armour (worn)
 S - the +2 pair of boots "Zock" (worn) {rCorr}
   (You found it in a labyrinth)

   It protects you from acid and corrosion.
 U - the +6 plate armour of Discretion {Regen+ Str+3 Slay-2}
   (You found it on level 2 of the Depths)

   It affects your strength (+3).
   It affects your accuracy and damage with ranged weapons and melee attacks
   (-2).
   It increases your rate of regeneration.
Jewellery
 l - an uncursed ring of protection from magic {unknown}
 u - the ring of Wihewael {MR+ Str-3 Int+8}
   (You found it on level 7 of Tartarus)

   [ring of protection from magic]

   It affects your strength (-3).
   It affects your intelligence (+8).
   It affects your resistance to hostile enchantments.
 y - the ring "Yled" (right hand) {MR++ EV+4}
   (You took it off a naga on level 5 of the Depths)

   [ring of evasion]

   It affects your evasion (+4).
   It affects your resistance to hostile enchantments.
 A - an amulet of regeneration (around neck)
 F - the macabre finger necklace {rN+}
   (You took it off Asmodeus on level 7 of Gehenna)

   [amulet of nothing]

   It protects you from negative energy.
 L - the ring of the Thirteen Coins {rElec MR+ Str+2}
   (You bought it in a shop on level 2 of the Orcish Mines)

   [ring of strength]

   It affects your strength (+2).
   It insulates you from electricity.
   It affects your resistance to hostile enchantments.
 W - the ring of Buha (left hand) {rPois rF+ rC+ Int-2}
   (You bought it in a shop on level 2 of the Orcish Mines)

   [ring of protection from cold]

   It affects your intelligence (-2).
   It protects you from fire.
   It protects you from cold.
   It protects you from poison.
Wands
 t - a wand of iceblast (9/15)
 G - a wand of acid (8/15)
 P - a wand of digging (3/24)
Scrolls
 c - 3 scrolls of magic mapping
 g - 6 scrolls of teleportation
 s - 3 scrolls of blinking
 I - 2 scrolls of summoning
 K - 9 scrolls of fear
 N - 8 scrolls of identify
 X - 3 scrolls of vulnerability
 Y - 5 scrolls of fog
 Z - 2 scrolls of remove curse
Potions
 a - 10 potions of curing
 d - a potion of brilliance
 e - 6 potions of might
 k - a potion of resistance
 m - 8 potions of lignification
 n - 4 potions of haste
 o - 4 potions of agility
 p - a potion of magic
 D - 5 potions of berserk rage
 M - 4 potions of heal wounds
Books
 H - a manual of Throwing
Miscellaneous
 f - 6 phantom mirrors
 x - a lamp of fire
 Q - a lightning rod (4/4)
 R - 4 sacks of spiders
Comestibles
 h - 14 meat rations
 V - 2 chunks of flesh


   Skills:
 + Level 20.4 Fighting
 - Level 26.3 Axes
   Level 14.9 Crossbows
 - Level 10.3 Throwing
 + Level 19.7 Armour
 + Level 18.8 Dodging
 + Level 17.8 Shields
 * Level 10.8 Spellcasting
 * Level 8.7 Summonings
 * Level 11.4 Translocations
 * Level 16.4 Invocations
 + Level 14.3 Evocations


You had 31 spell levels left.
You knew the following spells:

 Your Spells              Type           Power        Failure   Level  Hunger
a - Passage of Golubria   Tloc           N/A          34%         4    ####...
b - Blink                 Tloc           N/A          6%          2    ##.....
c - Summon Forest         Summ/Tloc      ###.......   98%         5    ######.
d - Aura of Abjuration    Summ           ###.......   99%         5    ######.


Dungeon Overview and Level Annotations

Branches:
Dungeon (15/15)              Lair (6/6) D:11         Shoals (4/4) Lair:3
 Spider (4/4) Lair:4        Slime (5/5) Lair:6          Orc (2/2) D:12
    Elf (3/3) Orc:2        Vaults (5/5) D:13          Crypt (3/3) Vaults:3
   Tomb (0/3) Crypt:3      Depths (5/5) D:15           Hell (1/1)
    Dis (7/7) Hell            Geh (7/7) Hell            Coc (7/7) Hell
    Tar (7/7) Hell            Zot (5/5) Depths:5
 Temple: D:4-7

Altars:
Ashenzari
Gozag
Kikubaaqudgha
Makhleb
Okawaru
Qazlal
Ru
Uskayaw
Vehumet
The Shining One
Beogh

Shops:
D:8 =   D:10 *   Orc:1 :   Orc:2 ?}?=   Elf:3 (   Vaults:5 !*}=   Depths:2 }
Depths:5 ?[%

Portals:
Hell: Lair:6 Depths:1 Depths:2 Depths:5
Abyss: Depths:2
Ziggurat: Depths:2

Annotations:
Coc:7 exclusion: ice statue


Innate Abilities, Weirdness & Mutations

You reflexively headbutt those who attack you in melee.
You have a pair of horns on your head.
You have a beak for a mouth.
You have large cloven feet.
You are partially covered in large bone plates. (SH +4)
You are partially covered in yellow scales. (AC +2)
You are clumsy. (Dex -2)
Your flesh is cold resistant. (rC+)


Message History

You block the iron dragon's attack.
You completely miss the iron giant.
You peck the iron giant, but do no damage.
The iron giant is heavily wounded.
You hit the Hell Sentinel but do no damage.
You completely miss the iron dragon.
Your angel hits the iron giant with a whip of holy wrath!!
Your angel hits the iron giant with a whip of holy wrath.
The Hell Sentinel hits you but does no damage.
You block the Hell Sentinel's attack.
You slash the iron giant!
The iron giant is severely wounded.
You completely miss the Hell Sentinel. You hit the iron dragon.
The iron giant points at you and mumbles some strange words.
The iron shot hits you!
* * * LOW HITPOINT WARNING * * *
Your angel hits the iron giant with a whip of holy wrath!
Your angel hits the iron giant but does no damage.
The iron dragon bites you!
You die...

#+++# ##...# ..... #...#
##...## #..... #.C.#
##############'A@########
...............1D.......##
.∩)......................#
.........................#
.................######..#
†...........∩....#....#..#
.††..########....#....#..#
.....'..)...#....#....#..#
.....#......#....#....#..#


You could see an iron giant, a Hell Sentinel, an iron dragon and a friendly
angel.

Vanquished Creatures
  Antaeus (Coc:7)
  Asmodeus (Geh:7)
  the Royal Jelly (Slime:5)
  Ereshkigal (Tar:7)
  3 ancient liches
  2 juggernauts
  Sojobo (Depths:2)
  7 shard shrikes
  3 caustic shrikes (Depths:4)
  5 golden dragons
  Xtahua (Crypt:3)
  The ghost of Murumi the Peltast, a veteran FoFi of Elyvilon (Vaults:2)
  Geryon (Hell)
  11 bone dragons
  23 Tzitzimimeh
  Jorgrun (Elf:3)
  7 doom hounds
  4 Brimstone Fiends
  A Hell Sentinel (Dis:7)
  7 Ice Fiends (Coc:7)
  7 Orb Guardians (Zot:5)
  8 tentacled monstrosities
  5 liches
  2 deep elf blademasters (Elf:3)
  4 titans
  2 deep elf master archers (Elf:3)
  3 quicksilver dragons
  18 acid blobs
  An eldritch tentacle (Coc:3)
  3 ancient champions
  3 sphinxes
  19 shadow dragons
  6 storm dragons
  Kirke (Lair:6)
  6 tengu reavers
  Ilsuiw (Shoals:4)
  2 revenants
  10 azure jellies
  Donald (Elf:3)
  8 fire giants
  11 frost giants
  4 iron dragons
  An orc warlord (Vaults:4)
  A caustic shrike zombie (D:15)
  4 ghost moths (Spider:4)
  5 draconian knights
  10 vault wardens
  8 deep elf sorcerers
  10 balrugs
  A draconian scorcher (Zot:2)
  6 emperor scorpions
  5 ghouls
  2 curse skulls (Crypt:3)
  Louise (Shoals:1)
  8 deep elf elementalists
  13 ironheart preservers
  A draconian annihilator (Zot:2)
  A draconian shifter (Zot:2)
  4 spriggan defenders
  5 war gargoyles
  A juggernaut skeleton (Crypt:1)
  21 stone giants
  2 elemental wellsprings (Coc:7)
  7 very ugly things
  2 vampire knights
  46 reapers
  7 deep elf demonologists
  5 entropy weavers
  2 green draconians
  2 yellow draconians (Zot:2)
  2 lorocyprocas
  7 spark wasps
  3 black draconians (Zot:2)
  4 purple draconians
  A red draconian (Zot:2)
  8 deep elf annihilators
  A dire elephant (Lair:6)
  5 merfolk javelineers
  13 ettins
  13 eidola
  A mummy priest (Crypt:3)
  4 death oozes (Slime:5)
  13 deep elf death magi
  15 yaktaur captains
  5 jiangshi
  A kraken zombie (Coc:5)
  10 merfolk impalers
  11 blizzard demons
  9 fire dragons
  5 ogre magi
  6 quicksilver dragon zombies
  Josephine (Shoals:1)
  Fannar (Lair:2)
  An ice dragon (shapeshifter) (Elf:1)
  A minotaur (Lab)
  2 rakshasas (Depths:2)
  7 great orbs of eyes
  A quicksilver dragon skeleton (Crypt:3)
  6 deep elf high priests
  18 ice dragons
  8 hydras
  5 ghost crabs
  A hell beast (Coc:7)
  34 vault guards
  11 spriggan air magi
  An alligator snapping turtle (Shoals:4)
  2 centaur warriors
  A satyr (Shoals:3)
  23 two-headed ogres
  3 merfolk aquamancers (Shoals:4)
  7 dancing weapons
  3 tengu warriors
  7 deep troll earth magi
  A death knight (Crypt:1)
  5 deep troll shamans
  16 hell hogs
  4 titan zombies
  8 vampire magi
  2 orc high priests
  5 spriggan berserkers
  17 deep elf knights
  3 naga sharpshooters (Depths:5)
  14 sun demons
  A fire crab (Lair:4)
  35 soul eaters
  35 hell knights
  An iron golem (Dis:1)
  6 storm dragon zombies
  A spark wasp zombie (Depths:2)
  7 titan skeletons
  3 small abominations (Elf:3)
  84 skeletal warriors
  3 golden dragon zombies
  An iron troll (Vaults:2)
  19 shadow wraiths
  9 anaconda zombies
  A death drake (Tar:7)
  11 sea snakes
  5 storm dragon skeletons
  12 shadow demons
  A deep troll (shapeshifter) (Vaults:1)
  9 ironbrand convokers
  5 unseen horrors (Tar:7)
  13 deep trolls
  11 deep elf archers
  A lindwurm (D:13)
  2 glowing orange brains (Depths:5)
  Pikel (D:4)
  4 flayed ghosts
  A glowing orange brain (shapeshifter) (Depths:3)
  3 wizards
  4 anaconda skeletons
  A shadow dragon zombie (Coc:4)
  A harpy (shapeshifter) (Depths:2)
  23 necromancers
  A golden dragon skeleton (Geh:6)
  20 phantasmal warriors
  5 wolf spider zombies
  38 deep elf magi
  10 harpies
  11 orc knights
  5 orb spiders
  3 oklob plants (Lair:6)
  14 wolf spiders
  4 shining eyes
  8 fire giant zombies
  5 orc sorcerers
  12 manticores
  A shining eye (shapeshifter) (Depths:2)
  2 shadow dragon skeletons
  23 ugly things
  2 iron dragon zombies (Crypt:3)
  5 frost giant zombies
  3 fauns (Shoals:2)
  12 moths of wrath
  A salamander (Depths:4)
  20 cyclopes
  2 frost giant skeletons
  3 stone giant zombies
  4 stone giant skeletons
  3 dire elephant zombies
  Maurice (Orc:1)
  3 iron dragon skeletons
  4 centaur zombies
  13 rust devils
  A large abomination (Elf:1)
  3 merfolk sirens
  A shock serpent zombie (Geh:7)
  2 water nymphs
  2 ice statues
  6 molten gargoyles (Geh:7)
  A centaur skeleton (D:14)
  5 fire giant skeletons
  3 black mambas
  6 vault sentinels
  6 spiny frogs
  2 guardian serpents (Depths:5)
  3 orange demons
  An eye of devastation (Slime:4)
  4 smoke demons
  A spiny frog (shapeshifter) (Depths:2)
  A shock serpent skeleton (Geh:5)
  15 rime drakes
  5 komodo dragons
  6 dire elephant skeletons
  14 hellions
  30 yaktaurs
  23 tormentors
  2 komodo dragons (shapeshifter)
  30 ice devils
  An efreet (Geh:3)
  28 freezing wraiths
  13 hellwings (Crypt:3)
  An emperor scorpion zombie (Coc:7)
  A black draconian skeleton (Crypt:1)
  2 demonic crawlers
  3 tengu conjurers
  9 hydra zombies
  32 polar bears
  An anaconda simulacrum (Coc:1)
  A catoblepas skeleton (Geh:3)
  17 red devils
  18 jumping spiders
  2 silent spectres
  A queen bee (Spider:4)
  3 harpy zombies
  10 trolls
  A guardian mummy (Crypt:3)
  9 hornets
  A tengu simulacrum (Depths:2)
  A hornet (shapeshifter) (Depths:2)
  3 wind drakes
  A harpy skeleton (Coc:4)
  A deep troll zombie (D:15)
  65 slime creatures
  14 blink frogs
  24 merfolk
  Prince Ribbit (D:5)
  8 alligator zombies
  6 snapping turtles
  3 bog bodies
  10 dream sheep
  3 hydra skeletons
  2 fire dragon zombies
  2 fire dragon skeletons
  15 hippogriffs
  3 ettin zombies
  A frost giant simulacrum (Coc:7)
  82 flying skulls
  46 redbacks
  4 black mamba zombies
  2 ice dragon skeletons
  5 ice dragon zombies
  7 ettin skeletons
  A spriggan (shapeshifter) (Depths:1)
  3 spriggans
  19 water elementals
  6 air elementals
  5 alligator skeletons
  20 tarantellas
  A dire elephant simulacrum (Coc:7)
  18 shadows
  3 hogs (Lair:6)
  36 yaks
  8 wyverns
  5 basilisks
  32 wraiths
  2 tarantellas (shapeshifter)
  3 fire bats (Geh:4)
  16 fire elementals
  6 hungry ghosts
  Grum (Lair:1)
  2 golden eyes (Slime:4)
  A spriggan simulacrum (Depths:2)
  A soldier ant (Spider:3)
  2 nagas (Depths:5)
  7 wargs
  A two-headed ogre skeleton (Crypt:1)
  8 spiny frog zombies
  3 floating eyes
  A hydra simulacrum (Hell)
  18 water moccasins
  8 porcupines
  55 hell hounds
  25 orc warriors
  16 necrophages
  A spiny frog skeleton (Crypt:3)
  5 eyes of draining
  4 slaves (D:4)
  9 black bears
  15 ice beasts
  A swamp dragon zombie (Tar:7)
  A manticore zombie (Coc:7)
  31 ogres
  6 phantoms
  27 wolves
  6 centaurs
  4 snapping turtle skeletons
  4 crocodiles
  2 big kobolds
  2 human zombies
  A swamp dragon skeleton (Crypt:3)
  2 elf zombies
  14 bullfrogs
  2 spiny frog simulacra
  A scorpion (D:3)
  16 wyvern skeletons
  2 human simulacra (Vaults:2)
  46 wights
  A wolf zombie (Crypt:1)
  5 howler monkeys
  2 electric eels
  A bullfrog zombie (D:9)
  10 crimson imps
  13 iron imps
  29 orc priests
  A hound (D:5)
  19 orc wizards
  A human skeleton (Geh:7)
  2 iguanas
  Natasha (D:4)
  4 worker ants
  An ogre zombie (Coc:7)
  A tengu zombie (Geh:4)
  2 hound zombies (D:8)
  3 hound skeletons
  4 mummies
  5 adders
  13 shadow imps
  15 white imps
  2 adder zombies
  A worm (D:4)
  A dart slug (D:2)
  A leopard gecko (D:6)
  93 orcs
  2 giant cockroaches
  A goblin (D:2)
  2 hobgoblins
  2 jackals (D:2)
  A quokka (D:5)
  A bat (D:2)
  A frilled lizard (D:2)
  A giant cockroach zombie (Crypt:2)
  A jackal zombie (D:5)
  12 kobolds
  2 kobold zombies
  A leopard gecko zombie (D:8)
  2 orc zombies
  2 rats
  A river rat skeleton (Crypt:1)
  2 crawling corpses (Elf:3)
  7 fungi
  7 plants
  3 tentacles (Coc:5)
  8 withered plants (Crypt:3)
2757 creatures vanquished.

Vanquished Creatures (collateral kills)
  Margery (Vaults:5)
  A doom hound (Tar:7)
  A Tzitzimitl (Tar:7)
  A Brimstone Fiend (Geh:7)
  A titan (Vaults:5)
  An Ice Fiend (Coc:7)
  A shadow dragon (Vaults:5)
  2 storm dragons (Vaults:5)
  A fire giant (Vaults:5)
  4 vault wardens (Vaults:5)
  A frost giant (Vaults:5)
  A reaper (Tar:7)
  A stone giant (Vaults:5)
  A deep elf annihilator (Vaults:5)
  Nessos (Orc:2)
  3 merfolk javelineers (Shoals:4)
  A deep elf death mage (Vaults:5)
  A death ooze (Slime:5)
  3 merfolk impalers (Shoals:4)
  3 hydras
  2 vault guards (Vaults:5)
  A merfolk avatar (Shoals:4)
  A dancing weapon (Vaults:5)
  4 hell knights (Geh:7)
  4 orc high priests (Orc:2)
  A titan skeleton (Geh:7)
  A deep troll (Vaults:5)
  2 necromancers (Geh:7)
  A shadow dragon skeleton (Tar:7)
  A water nymph (Shoals:4)
  2 molten gargoyles (Geh:7)
  An ice statue (Coc:7)
  2 vault sentinels (Vaults:5)
  A hellion (Geh:7)
  2 spiny frogs (Lair:6)
  A komodo dragon (Lair:6)
  A rime drake (Lair:6)
  2 merfolk (Shoals:4)
  3 hippogriffs (Lair:6)
  4 flying skulls
  A yak (Lair:6)
  A fire elemental (Geh:7)
  2 spatial vortices (Tar:7)
  3 wargs (Orc:2)
  3 water moccasins (Lair:6)
  2 hell hounds (Geh:7)
  A snapping turtle skeleton (Tar:7)
  An electric eel (Lair:6)
  11 orc priests (Orc:2)
  A tengu skeleton (Geh:7)
  10 orcs (Orc:2)
103 creatures vanquished.

Vanquished Creatures (others)
  Nikola (Shoals:4)
  3 eldritch tentacles
  A merfolk javelineer (Shoals:4)
  A merfolk impaler (Shoals:1)
  2 ice dragons
  2 hell hogs (Geh:7)
  A merfolk aquamancer (Shoals:4)
  A skeletal warrior (Tar:7)
  2 harpies (Vaults:2)
  A deep elf mage (Elf:2)
  An orb spider (Spider:4)
  2 merfolk sirens
  A spiny frog (Lair:6)
  A yaktaur (Depths:5)
  2 merfolk (Shoals:4)
  A jumping spider (Spider:3)
  A hydra zombie (Hell)
  A flying skull (Coc:5)
  A water elemental (Coc:7)
  2 orc warriors
  A necrophage (Tar:1)
  An ogre (Slime:5)
  A crocodile (Lair:6)
  A naga zombie (Geh:6)
  A crawling corpse (Elf:3)
  5 fungi
  9 plants
  4 tentacles (Coc:5)
  4 withered plants (Crypt:3)
55 creatures vanquished.

Grand Total: 2915 creatures vanquished

Notes
Turn   | Place    | Note
-------+----------+-------------------------------------------
     0 | D:1      | M4edhros the Minotaur Berserker began the quest for the Orb.
     0 | D:1      | Reached XP level 1. HP: 19/19 MP: 0/0
     4 | D:1      | Noticed a black mamba
    81 | D:2      | Reached XP level 2. HP: 26/27 MP: 1/1
   129 | D:3      | Noticed a scorpion
   139 | D:3      | Killed a scorpion
   139 | D:3      | Reached skill level 4 in Axes
   139 | D:3      | Reached XP level 3. HP: 33/33 MP: 2/2
   240 | D:4      | Reached XP level 4. HP: 40/40 MP: 3/3
   284 | D:4      | Gained mutation: You are surrounded by a mild repulsion field. (EV +2) [potion of mutation]
   284 | D:4      | Gained mutation: You are partially covered in large bone plates. (SH +4) [potion of mutation]
   291 | D:4      | Reached skill level 5 in Axes
   319 | D:4      | Reached ** piety under Trog
   360 | D:4      | Noticed a slave
   360 | D:4      | Noticed a slave
   362 | D:4      | Noticed Pikel
   362 | D:4      | Noticed a slave
   363 | D:4      | Noticed a slave
   371 | D:4      | Killed a slave
   372 | D:4      | Killed a slave
   373 | D:4      | Killed a slave
   376 | D:4      | Reached XP level 5. HP: 47/47 MP: 4/4
   377 | D:4      | Killed a slave
   378 | D:4      | Killed Pikel
   378 | D:4      | Reached skill level 5 in Fighting
   378 | D:4      | Reached skill level 6 in Axes
   378 | D:4      | Reached XP level 6. HP: 56/56 MP: 5/5
   378 | D:4      | Reached XP level 7. HP: 61/61 MP: 6/6
   410 | D:4      | Noticed Natasha
   412 | D:4      | Killed Natasha
   412 | D:4      | Reached skill level 7 in Axes
   460 | D:5      | Entered Level 5 of the Dungeon
   564 | D:5      | Noticed Prince Ribbit
   572 | D:5      | Killed Prince Ribbit
   572 | D:5      | Reached skill level 5 in Armour
   760 | D:6      | Reached skill level 8 in Axes
   760 | D:6      | Reached XP level 8. HP: 68/70 MP: 7/7
   786 | D:6      | Reached skill level 5 in Dodging
   851 | D:7      | Noticed a hippogriff
   881 | D:7      | Killed a hippogriff
   938 | D:8      | Reached skill level 9 in Axes
  1015 | D:8      | Noticed a two-headed ogre
  1025 | D:8      | Killed a two-headed ogre
  1025 | D:8      | Reached skill level 10 in Axes
  1025 | D:8      | Reached XP level 9. HP: 66/79 MP: 8/8
  1121 | D:8      | Reached *** piety under Trog
  1150 | D:8      | Found a hide-covered altar of Uskayaw.
  1193 | D:8      | Found Daisk's Jewellery Shoppe.
  1287 | D:9      | Noticed a two-headed ogre
  1298 | D:9      | Reached skill level 11 in Axes
  1309 | D:9      | Killed a two-headed ogre
  1309 | D:9      | Reached XP level 10. HP: 64/90 MP: 9/9
  1411 | D:10     | Entered Level 10 of the Dungeon
  1545 | D:11     | Found a staircase to the Lair.
  1556 | D:11     | Reached **** piety under Trog
  1562 | D:11     | Reached skill level 12 in Axes
  1571 | D:11     | Noticed a two-headed ogre
  1852 | D:12     | Found a staircase to the Orcish Mines.
  1872 | Orc:1    | Entered Level 1 of the Orcish Mines
  1891 | Orc:1    | Noticed Maurice
  1902 | Orc:1    | Killed Maurice
  1902 | Orc:1    | Reached ***** piety under Trog
  1964 | Orc:1    | Noticed an ettin
  1972 | Orc:1    | Killed an ettin
  1972 | Orc:1    | Reached skill level 13 in Axes
  1972 | Orc:1    | Reached XP level 11. HP: 83/99 MP: 10/10
  2001 | Orc:1    | Noticed an orc sorcerer
  2001 | Orc:1    | Noticed an orc knight
  2036 | Orc:1    | Killed an orc sorcerer
  2046 | Orc:1    | Noticed an orc sorcerer
  2050 | Orc:1    | Killed an orc sorcerer
  2050 | Orc:1    | Reached skill level 10 in Fighting
  2054 | Orc:1    | Killed an orc knight
  2146 | Orc:1    | Found Lets's Book Emporium.
  2186 | Orc:2    | Entered Level 2 of the Orcish Mines
  2187 | Orc:2    | Noticed an orc knight
  2198 | Orc:2    | Killed an orc knight
  2201 | Orc:2    | Reached skill level 10 in Armour
  2238 | Orc:2    | Noticed a stone giant
  2250 | Orc:2    | Killed a stone giant
  2533 | Orc:2    | Noticed Nessos
  2543 | Orc:2    | Noticed an orc high priest
  2549 | Orc:2    | Killed Nessos
  2549 | Orc:2    | Reached skill level 14 in Axes
  2558 | Orc:2    | Received a gift from Trog
  2561 | Orc:2    | Noticed an orc high priest
  2562 | Orc:2    | Killed an orc high priest
  2563 | Orc:2    | Noticed an orc high priest
  2563 | Orc:2    | Killed an orc high priest
  2566 | Orc:2    | Killed an orc high priest
  2578 | Orc:2    | Noticed an orc high priest
  2580 | Orc:2    | Killed an orc high priest
  2580 | Orc:2    | Reached skill level 10 in Dodging
  2591 | Orc:2    | Noticed an orc high priest
  2598 | Orc:2    | Noticed a sun demon
  2603 | Orc:2    | Killed an orc high priest
  2644 | Orc:2    | Found a roughly hewn altar of Beogh.
  2666 | Orc:2    | Found Saako's Gadget Emporium.
  2666 | Orc:2    | Found Genk's Magic Scroll Boutique.
  2676 | Orc:2    | Bought a scroll of acquirement for 624 gold pieces
  2683 | Orc:2    | Bought a scroll of fear for 42 gold pieces
  2714 | Orc:2    | Found Koen's Magic Scroll Boutique.
  2722 | Orc:2    | Found Oginacox's Jewellery Emporium.
  2728 | Orc:2    | Reached XP level 12. HP: 110/110 MP: 11/11
  2735 | Orc:2    | Bought the ring of the Thirteen Coins {rElec MR+ Str+2} for 352 gold pieces
  2781 | Orc:2    | Found a staircase to the Elven Halls.
  3042 | Lair:1   | Entered Level 1 of the Lair of Beasts
  3088 | D:11     | Killed a two-headed ogre
  3240 | Lair:1   | Noticed Grum
  3253 | Lair:1   | Killed Grum
  3316 | Lair:1   | Reached skill level 1 in Evocations
  3440 | Lair:2   | Noticed Fannar
  3450 | Lair:2   | Killed Fannar
  3450 | Lair:2   | Reached skill level 15 in Axes
  3548 | Lair:3   | Found a labyrinth entrance.
  3561 | Lab      | Entered a labyrinth
  4199 | Lab      | Noticed a minotaur
  4212 | Lab      | Killed a minotaur
  4216 | Lab      | Got an uncursed ichor-stained eveningstar {venom}
  4232 | Lab      | Got a pair of fine boots
  4243 | Lab      | Identified the +2 pair of boots "Zock" {rCorr} (You found it in a labyrinth)
  4266 | Lab      | Identified the +6 eveningstar "Ysyad" {venom, rF+ rN+} (You took it off a minotaur in a labyrinth)
  4349 | Lair:4   | Noticed a seven-headed hydra
  4379 | Lair:3   | Found a staircase to the Shoals.
  4446 | Lair:4   | Found a hole to the Spider Nest.
  4813 | Lair:5   | Noticed a five-headed hydra
  4828 | Lair:5   | Killed a five-headed hydra
  4854 | Lair:5   | Reached XP level 13. HP: 101/118 MP: 15/15
  4876 | Lair:5   | Received a gift from Trog
  4883 | Lair:5   | Reached skill level 5 in Evocations
  4905 | Lair:5   | Reached skill level 16 in Axes
  5000 | Lair:6   | Entered Level 6 of the Lair of Beasts
  5232 | Lair:6   | Found a burning altar of Makhleb.
  5257 | Lair:6   | Received a gift from Trog
  5266 | Lair:6   | Found a gateway to Hell.
  5442 | Lair:6   | Noticed a dire elephant
  5446 | Lair:6   | Killed a dire elephant
  5494 | Lair:6   | Noticed Kirke
  5507 | Lair:6   | Killed Kirke
  5507 | Lair:6   | Reached XP level 14. HP: 129/129 MP: 18/18
  6015 | Orc:2    | Bought the ring of Buha {rPois rF+ rC+ Int-2} for 507 gold pieces
  6288 | Spider:1 | Entered Level 1 of the Spider Nest
  6334 | Spider:1 | Noticed an emperor scorpion
  6344 | Spider:1 | Killed an emperor scorpion
  6344 | Spider:1 | Reached skill level 17 in Axes
  6536 | Spider:3 | Noticed an entropy weaver
  6536 | Spider:3 | Noticed an entropy weaver
  6548 | Spider:3 | Killed an entropy weaver
  6549 | Spider:3 | Killed an entropy weaver
  6560 | Spider:3 | Noticed an entropy weaver
  6568 | Spider:3 | Killed an entropy weaver
  6587 | Spider:3 | Noticed an emperor scorpion
  6593 | Spider:3 | Noticed an entropy weaver
  6691 | Spider:3 | Killed an emperor scorpion
  6746 | Spider:3 | Killed an entropy weaver
  6819 | Spider:4 | Entered Level 4 of the Spider Nest
  6822 | Spider:4 | Noticed an emperor scorpion
  6837 | Spider:4 | Killed an emperor scorpion
  6920 | Spider:4 | Reached XP level 15. HP: 83/137 MP: 19/21
  6983 | Spider:4 | Reached ****** piety under Trog
  7028 | Spider:4 | Received a gift from Trog
  7039 | Spider:4 | Killed a ghost moth
  7115 | Spider:4 | Reached skill level 18 in Axes
  7120 | Spider:4 | Killed a ghost moth
  7242 | Spider:4 | Reached skill level 1 in Throwing
  7269 | Spider:4 | Killed a ghost moth
  7281 | Spider:4 | Killed a ghost moth
  7294 | Spider:4 | Gained mutation: Your mind is acute. (Int +2) [mutagenic meat]
  7295 | Spider:4 | Gained mutation: Your muscles are strong. (Str +2) [mutagenic meat]
  7296 | Spider:4 | Gained mutation: You passively map a small area around you. [mutagenic meat]
  7297 | Spider:4 | Gained mutation: You are partially covered in yellow scales. (AC +2) [mutagenic meat]
  7299 | Spider:4 | Gained mutation: Your system is resistant to poisons. (rPois) [mutagenic meat]
  7420 | Spider:4 | Got a gossamer rune of Zot
  8268 | D:13     | Found a frozen archway.
  8273 | D:13     | Gained mutation: You expend magic power (3 MP) to strengthen your wands. [mutagenic meat]
  8294 | IceCv    | Entered an ice cave
  8392 | IceCv    | Received a gift from Trog
  8690 | IceCv    | Noticed a frost giant
  8704 | IceCv    | Killed a frost giant
  8727 | IceCv    | Got a warped ivory ring
  8728 | IceCv    | Identified the ring of Afoppun {Ice Int+7} (You found it in an ice cave)
  8779 | D:14     | Lost mutation: Your system is resistant to poisons. (rPois) [mutagenic meat]
  8837 | D:13     | Found a gate to the Vaults.
  8856 | Vaults:1 | Entered Level 1 of the Vaults
  8974 | Vaults:1 | Reached XP level 16. HP: 147/147 MP: 22/22
  8976 | Vaults:1 | Reached skill level 19 in Axes
  8992 | Vaults:1 | Gained mutation: Your body sometimes deteriorates upon taking damage. [mutagenic meat]
  8994 | Vaults:1 | Lost mutation: You passively map a small area around you. [mutagenic meat]
  9088 | Vaults:1 | Received a gift from Trog
  9349 | Vaults:2 | Reached skill level 15 in Fighting
  9423 | Vaults:2 | Received a gift from Trog
  9428 | Vaults:2 | Reached skill level 5 in Throwing
  9560 | Vaults:2 | Received a gift from Trog
  9573 | Vaults:2 | Noticed Murumi's ghost (veteran FoFi)
  9575 | Vaults:2 | Reached skill level 20 in Axes
  9595 | Vaults:2 | Killed Murumi's ghost
  9603 | Vaults:2 | Reached XP level 17. HP: 118/156 MP: 23/23
  9637 | Vaults:2 | Reached skill level 15 in Armour
  9810 | Vaults:3 | Received a gift from Trog
  9887 | Vaults:3 | Found a flickering gateway to a bazaar.
  9911 | Bazaar   | Entered a bazaar
  9918 | Bazaar   | Found Nuaruer's Distillery.
  9932 | Bazaar   | Found Heruff's Food Boutique.
  9946 | Bazaar   | Found Odwin's Gadget Shop.
  9960 | Bazaar   | Found Vonoik's Food Boutique.
  9988 | Bazaar   | Found Faylu's Food Boutique.
 10086 | Bazaar   | Bought a phantom mirror for 300 gold pieces
 10111 | Bazaar   | Bought a potion of resistance for 90 gold pieces
 10111 | Bazaar   | Bought a potion of might for 36 gold pieces
 10111 | Bazaar   | Bought a potion of curing for 27 gold pieces
 10111 | Bazaar   | Bought 2 potions of haste for 180 gold pieces
 10126 | Bazaar   | Bought a meat ration for 35 gold pieces
 10126 | Bazaar   | Bought a meat ration for 35 gold pieces
 10281 | Vaults:5 | Entered Level 5 of the Vaults
 10309 | Vaults:5 | Reached skill level 21 in Axes
 10328 | Vaults:5 | Noticed Margery
 10332 | Vaults:5 | Received a gift from Trog
 10335 | Vaults:5 | Killed Margery
 10355 | Vaults:5 | Found Epnouluc's Jewellery Boutique.
 10355 | Vaults:5 | Noticed a golden dragon
 10355 | Vaults:5 | Found Guoleb's Gadget Boutique.
 10356 | Vaults:5 | Noticed a tentacled monstrosity
 10356 | Vaults:5 | Noticed a titan
 10360 | Vaults:5 | Noticed a quicksilver dragon
 10424 | Vaults:4 | Reached skill level 15 in Dodging
 10434 | Vaults:4 | Received a gift from Trog
 10453 | Vaults:4 | Reached XP level 18. HP: 152/168 MP: 24/24
 10468 | Vaults:4 | Lost mutation: Your mind is acute. (Int +2) [mutagenic meat]
 10470 | Vaults:4 | Gained mutation: You have sharp toenails. [mutagenic meat]
 10471 | Vaults:4 | Gained mutation: You evolve. [mutagenic meat]
 10485 | Vaults:4 | Gained mutation: You are agile. (Dex +2) [mutagenic meat]
 10486 | Vaults:4 | Gained mutation: Your spells are a little easier to cast, but a little less powerful. [mutagenic meat]
 10550 | Vaults:5 | Killed a tentacled monstrosity
 10567 | Vaults:4 | Killed a golden dragon
 10606 | Vaults:4 | Upgraded the game from 0.20-a0-960-ge493e74 to 0.20-a0-972-gb9bd3e6
 10650 | Vaults:5 | HP: 8/168 [vault warden/great mace of draining (2)]
 10651 | Vaults:5 | HP: 2/168 [ettin/dire flail (2)]
 10707 | Vaults:5 | Found Vennamn's General Store.
 10720 | Vaults:5 | Found Ygoaset's Distillery.
 10761 | Vaults:5 | Noticed an ancient lich
 10808 | Vaults:5 | Reached skill level 22 in Axes
 10851 | Vaults:5 | Gained mutation: You possess an exceptional clarity of mind. [evolution]
 10853 | Vaults:5 | Got a silver rune of Zot
 10905 | Vaults:5 | Received a gift from Trog
 10909 | Vaults:5 | Noticed a tentacled monstrosity
 10909 | Vaults:5 | Noticed a tentacled monstrosity
 10918 | Vaults:5 | Killed a tentacled monstrosity
 10923 | Vaults:5 | Noticed a tentacled monstrosity
 10926 | Vaults:5 | Killed a tentacled monstrosity
 10929 | Vaults:5 | Killed a tentacled monstrosity
 10935 | Vaults:5 | Received a gift from Trog
 11011 | Vaults:5 | Received a gift from Trog
 11140 | Vaults:5 | Reached XP level 19. HP: 168/177 MP: 25/25
 11191 | Vaults:5 | Killed an ancient lich
 11235 | Vaults:5 | Bought a potion of heal wounds for 95 gold pieces
 11235 | Vaults:5 | Bought 2 potions of haste for 380 gold pieces
 11235 | Vaults:5 | Bought a potion of heal wounds for 95 gold pieces
 11235 | Vaults:5 | Bought a potion of heal wounds for 95 gold pieces
 11344 | Vaults:5 | Noticed a golden dragon
 11353 | Vaults:5 | Killed a golden dragon
 11453 | Vaults:4 | Received a gift from Trog
 11469 | Vaults:4 | Reached skill level 10 in Throwing
 11734 | Vaults:3 | Noticed a bone dragon
 11734 | Vaults:3 | Found a staircase to the Crypt.
 11745 | Vaults:3 | Killed a bone dragon
 11754 | Crypt:1  | Entered Level 1 of the Crypt
 11839 | Crypt:1  | HP: 2/178 [ghoul (12)]
 12120 | Crypt:1  | Reached skill level 23 in Axes
 12506 | Orc:2    | Received a gift from Trog
 12521 | Elf:1    | Entered Level 1 of the Elven Halls
 12538 | Elf:1    | Found a radiant altar of Vehumet.
 12781 | Elf:2    | Noticed a Tzitzimitl
 12844 | Elf:2    | Found a radiant altar of Vehumet.
 12863 | Elf:2    | Received a gift from Trog
 12917 | Elf:3    | Entered Level 3 of the Elven Halls
 12917 | Elf:3    | Noticed Jorgrun
 12933 | Elf:3    | Noticed Donald
 12944 | Elf:3    | Killed Jorgrun
 12954 | Elf:3    | Killed Donald
 13008 | Elf:3    | Found a flickering gateway to a bazaar.
 13033 | Bazaar   | Entered a bazaar
 13033 | Bazaar   | Found Eleipnuv's Antique Armour Shoppe.
 13033 | Bazaar   | Found Faycwoige's Magic Scroll Shoppe.
 13033 | Bazaar   | Found Udegaf's Jewellery Emporium.
 13033 | Bazaar   | Found Yqups's Distillery.
 13053 | Bazaar   | Bought a scroll of enchant weapon for 67 gold pieces
 13053 | Bazaar   | Bought a scroll of blinking for 67 gold pieces
 13062 | Bazaar   | Bought a potion of heal wounds for 65 gold pieces
 13062 | Bazaar   | Bought a potion of might for 52 gold pieces
 13076 | Elf:3    | Found Masyqy's Weapon Shoppe.
 13133 | Elf:3    | Reached XP level 20. HP: 188/188 MP: 26/26
 13498 | Elf:3    | Received a gift from Trog
 13574 | Elf:3    | Received a gift from Trog
 13574 | Elf:3    | Reached skill level 24 in Axes
 13763 | Elf:3    | Got a warped leather armour
 13819 | Elf:3    | Identified the +6 leather armour "Lairasit" {rC+ rN+} (You took it off a deep elf death mage on level 3 of the Elven Halls)
 13889 | Elf:3    | Got an ichor-stained chain mail
 13965 | Elf:3    | Got a bloodstained ring mail
 13976 | Elf:3    | Identified the cursed +0 ring mail of Qabeu {+Inv +Fly MR+ Int+4} (You found it on level 3 of the Elven Halls)
 13987 | Elf:3    | Identified the cursed +1 chain mail "Eklarr" {Int+4} (You found it on level 3 of the Elven Halls)
 14086 | Elf:3    | Received a gift from Trog
 14089 | Elf:3    | Got a polished battleaxe {god gift}
 14090 | Elf:3    | Identified the +8 battleaxe of Wielauj {flame, *Drain MR+ Dex+3} (Trog gifted it to you on level 3 of the Elven Halls)
 14457 | Orc:2    | Bought a scroll of remove curse for 51 gold pieces
 14457 | Orc:2    | Bought a scroll of teleportation for 51 gold pieces
 14457 | Orc:2    | Bought a scroll of teleportation for 51 gold pieces
 14479 | Orc:2    | Bought a scroll of remove curse for 51 gold pieces
 14479 | Orc:2    | Bought a scroll of identify for 34 gold pieces
 14479 | Orc:2    | Bought a scroll of identify for 34 gold pieces
 14479 | Orc:2    | Bought a scroll of remove curse for 51 gold pieces
 14479 | Orc:2    | Bought a scroll of identify for 34 gold pieces
 15108 | Elf:1    | Lost mutation: You expend magic power (3 MP) to strengthen your wands. [mutagenic meat]
 15109 | Elf:1    | Lost mutation: Your body sometimes deteriorates upon taking damage. [mutagenic meat]
 15485 | Shoals:1 | Entered Level 1 of the Shoals
 15532 | Shoals:1 | Noticed Louise
 15568 | Shoals:1 | Killed Louise
 15586 | Shoals:1 | Noticed Josephine
 15603 | Shoals:1 | Killed Josephine
 15870 | Shoals:4 | Entered Level 4 of the Shoals
 16067 | Shoals:4 | Noticed Nikola
 16080 | Shoals:4 | Noticed Ilsuiw
 16104 | Shoals:4 | Reached skill level 1 in Crossbows
 16130 | Shoals:4 | Killed Ilsuiw
 16131 | Shoals:4 | Killed Nikola
 16143 | Shoals:4 | Received a gift from Trog
 16270 | Shoals:4 | Reached XP level 21. HP: 198/198 MP: 27/27
 16452 | Shoals:4 | Reached skill level 5 in Crossbows
 16481 | Shoals:4 | Got a crystal broad axe {flame}
 16575 | Shoals:4 | Identified the cursed +1 broad axe of Objectivity {flame, rF+ rN+ MP+9 Dex+3} (You took it off a merfolk on level 4 of the Shoals)
 16710 | Shoals:4 | Got a barnacled rune of Zot
 17153 | D:14     | You fall through a shaft!
 17153 | D:15     | Entered Level 15 of the Dungeon
 17387 | D:15     | Found a staircase to the Depths.
 17497 | Depths:1 | Entered Level 1 of the Depths
 17507 | Depths:1 | Received a gift from Trog
 17585 | Depths:1 | Gained mutation: You are resistant to hostile enchantments. (MR+) [mutagenic meat]
 17586 | Depths:1 | Lost mutation: You have sharp toenails. [mutagenic meat]
 17588 | Depths:1 | Lost mutation: You evolve. [mutagenic meat]
 17595 | Depths:1 | Lost mutation: You are resistant to hostile enchantments. (MR+) [mutagenic meat]
 17597 | Depths:1 | Gained mutation: You are occasionally teleported next to monsters. [mutagenic meat]
 17599 | Depths:1 | Lost mutation: You are agile. (Dex +2) [mutagenic meat]
 17600 | Depths:1 | Gained mutation: You evolve. [mutagenic meat]
 17688 | Depths:1 | Received a gift from Trog
 17756 | Depths:1 | Found a shattered altar of Ashenzari.
 17794 | Depths:1 | Reached skill level 25 in Axes
 17922 | Depths:1 | Lost mutation: You are occasionally teleported next to monsters. [potion of mutation]
 17922 | Depths:1 | Lost mutation: You are surrounded by a mild repulsion field. (EV +2) [potion of mutation]
 17922 | Depths:1 | Lost mutation: Your muscles are strong. (Str +2) [potion of mutation]
 17922 | Depths:1 | Lost mutation: You evolve. [potion of mutation]
 17922 | Depths:1 | Gained mutation: You evolve. [potion of mutation]
 17922 | Depths:1 | Gained mutation: You are agile. (Dex +2) [potion of mutation]
 17922 | Depths:1 | Gained mutation: Your body sometimes deteriorates upon taking damage. [potion of mutation]
 17922 | Depths:1 | Gained mutation: Your system is resistant to poisons. (rPois) [potion of mutation]
 17923 | Depths:1 | Lost mutation: Your body sometimes deteriorates upon taking damage. [potion of mutation]
 17923 | Depths:1 | Lost mutation: You evolve. [potion of mutation]
 17923 | Depths:1 | Lost mutation: You are partially covered in yellow scales. (AC +2) [potion of mutation]
 17923 | Depths:1 | Lost mutation: Your system is resistant to poisons. (rPois) [potion of mutation]
 17923 | Depths:1 | Gained mutation: Your flesh is cold resistant. (rC+) [potion of mutation]
 17923 | Depths:1 | Lost mutation: Your spells are a little easier to cast, but a little less powerful. [potion of mutation]
 17923 | Depths:1 | Gained mutation: Your mind is acute. (Int +2) [potion of mutation]
 17923 | Depths:1 | Gained mutation: Your muscles are strong. (Str +2) [potion of mutation]
 18136 | Orc:2    | Bought a scroll of remove curse for 36 gold pieces
 18136 | Orc:2    | Bought a scroll of teleportation for 36 gold pieces
 18136 | Orc:2    | Bought a scroll of identify for 24 gold pieces
 18136 | Orc:2    | Bought 2 scrolls of teleportation for 72 gold pieces
 18473 | Depths:2 | Gained mutation: You are robust. (+10% HP) [mutagenic meat]
 18474 | Depths:2 | Gained mutation: You are very robust. (+20% HP) [mutagenic meat]
 18475 | Depths:2 | Gained mutation: You have supernaturally acute eyesight. (SInv) [mutagenic meat]
 18477 | Depths:2 | Lost mutation: Your mind is acute. (Int +2) [mutagenic meat]
 18478 | Depths:2 | Lost mutation: Your muscles are strong. (Str +2) [mutagenic meat]
 18483 | Depths:2 | Lost mutation: You possess an exceptional clarity of mind. [mutagenic meat]
 18484 | Depths:2 | Gained mutation: Your body sometimes deteriorates upon taking damage. [mutagenic meat]
 18486 | Depths:2 | Gained mutation: You are surrounded by a mild repulsion field. (EV +2) [mutagenic meat]
 18520 | Depths:2 | Reached skill level 10 in Crossbows
 18604 | Depths:2 | Gained mutation: You tend to lose your temper in combat. [mutagenic meat]
 18605 | Depths:2 | Gained mutation: You often lose your temper in combat. [mutagenic meat]
 18607 | Depths:2 | Lost mutation: You often lose your temper in combat. [mutagenic meat]
 18629 | Depths:2 | Lost mutation: Your body sometimes deteriorates upon taking damage. [mutagenic meat]
 18630 | Depths:2 | Gained mutation: You are covered in fur. (AC +1) [mutagenic meat]
 18631 | Depths:2 | Gained mutation: You are very agile. (Dex +4) [mutagenic meat]
 18690 | Depths:2 | Noticed a juggernaut
 18699 | Depths:2 | Killed a juggernaut
 18730 | Depths:2 | Received a gift from Trog
 18751 | Depths:2 | Got a crude hat
 18762 | Depths:2 | Identified the +4 hat "Ohaleum" {SInv} (You acquired it on level 2 of the Depths)
 18814 | Depths:2 | Gained mutation: Your spells are a little easier to cast, but a little less powerful. [mutagenic meat]
 18873 | Depths:2 | Reached XP level 22. HP: 247/247 MP: 28/28
 18899 | Depths:2 | Lost mutation: You are very agile. (Dex +4) [mutagenic meat]
 18911 | Depths:2 | Paralysed by a floating eye for 4 turns
 18951 | Depths:2 | Got a steaming plate armour
 18952 | Depths:2 | Identified the +6 plate armour of Discretion {Regen+ Str+3 Slay-2} (You found it on level 2 of the Depths)
 18994 | Depths:2 | Got a scintillating copper ring
 18995 | Depths:2 | Identified the cursed ring of the Priest {-Tele rC+ Str-3 Dex+4} (You found it on level 2 of the Depths)
 19014 | Depths:2 | Got a twisted scale mail
 19015 | Depths:2 | Identified the cursed +1 scale mail of Tartarus {MP+9} (You found it on level 2 of the Depths)
 19124 | Depths:2 | Received a gift from Trog
 19350 | Depths:2 | Found a gateway to a ziggurat.
 19391 | Depths:3 | Lost mutation: You are surrounded by a mild repulsion field. (EV +2) [mutagenic meat]
 19450 | Depths:4 | Noticed a caustic shrike
 19451 | Depths:4 | Noticed a caustic shrike
 19451 | Depths:4 | Noticed a caustic shrike
 19460 | Depths:4 | Killed a caustic shrike
 19461 | Depths:4 | Killed a caustic shrike
 19472 | Depths:4 | Killed a caustic shrike
 19567 | Depths:5 | Entered Level 5 of the Depths
 19612 | Depths:5 | Paralysed by a floating eye for 4 turns
 19623 | Depths:5 | Found a gate to the Realm of Zot.
 19825 | Depths:5 | Received a gift from Trog
 19838 | Depths:5 | Got a smoking ring mail
 19839 | Depths:5 | Identified the +4 ring mail of the Ecumenical Temple {+Blink +Fly} (You found it on level 5 of the Depths)
 19881 | Depths:5 | Noticed a golden dragon
 19898 | Depths:5 | Killed a golden dragon
 19904 | Depths:5 | Reached skill level 26 in Axes
 20033 | Depths:5 | Got a fine glass ring
 20034 | Depths:5 | Identified the ring of Ylent {rPois rC- Str+3 Int+3} (You found it on level 5 of the Depths)
 20126 | Depths:5 | Found Eroemeeq's Food Boutique.
 20147 | Depths:5 | Bought a meat ration for 50 gold pieces
 20147 | Depths:5 | Bought a meat ration for 50 gold pieces
 20147 | Depths:5 | Bought a meat ration for 50 gold pieces
 20147 | Depths:5 | Bought a meat ration for 50 gold pieces
 20147 | Depths:5 | Bought a meat ration for 50 gold pieces
 20178 | Depths:5 | Got a scintillating steel ring
 20179 | Depths:5 | Identified the ring of Tofeiz {rN+ Int+2 Stlth-} (You found it on level 5 of the Depths)
 20219 | Depths:5 | Noticed a juggernaut
 20233 | Depths:5 | Lost intelligence.
 20239 | Depths:5 | Killed a juggernaut
 20257 | Depths:5 | Found Rosiuvea's Magic Scroll Shop.
 20286 | Depths:5 | Reached XP level 23. HP: 197/258 MP: 29/29
 20299 | Depths:5 | Received a gift from Trog
 20318 | Depths:5 | Got a brightly glowing amber ring
 20335 | Depths:5 | Bought a scroll of identify for 28 gold pieces
 20335 | Depths:5 | Bought a scroll of enchant armour for 105 gold pieces
 20335 | Depths:5 | Bought a scroll of identify for 28 gold pieces
 20335 | Depths:5 | Bought a scroll of identify for 28 gold pieces
 20335 | Depths:5 | Bought a scroll of identify for 28 gold pieces
 20335 | Depths:5 | Bought a scroll of identify for 28 gold pieces
 20335 | Depths:5 | Bought a scroll of identify for 28 gold pieces
 20335 | Depths:5 | Bought a scroll of identify for 28 gold pieces
 20335 | Depths:5 | Bought a scroll of identify for 28 gold pieces
 20335 | Depths:5 | Bought 3 scrolls of enchant armour for 315 gold pieces
 20335 | Depths:5 | Bought a scroll of fog for 28 gold pieces
 20408 | Depths:5 | Found Papsyr's Antique Armour Shoppe.
 20445 | Hell     | Entered the Vestibule of Hell
 20445 | Hell     | Noticed Geryon
 20477 | Hell     | Killed Geryon
 20716 | D:10     | Found Pocupp's Assorted Antiques.
 20728 | D:10     | Bought a scroll of identify for 54 gold pieces
 20728 | D:10     | Bought a scroll of identify for 54 gold pieces
 21088 | D:5      | Found an iron altar of Okawaru.
 21088 | D:5      | Found a glowing golden altar of the Shining One.
 21092 | D:5      | Found an opulent altar of Gozag.
 21092 | D:5      | Found a sacrificial altar of Ru.
 21092 | D:5      | Found a stormy altar of Qazlal.
 21113 | D:5      | Fell from the grace of Trog
 21113 | D:5      | Became a worshipper of the Shining One
 22142 | Crypt:3  | Entered Level 3 of the Crypt
 22172 | Crypt:3  | Reached * piety under the Shining One
 22172 | Crypt:3  | Reached skill level 1 in Invocations
 22185 | Crypt:3  | Reached skill level 1 in Shields
 22186 | Crypt:3  | Reached ** piety under the Shining One
 22201 | Crypt:3  | Reached skill level 10 in Evocations
 22215 | Crypt:3  | Reached *** piety under the Shining One
 22440 | Crypt:3  | Reached **** piety under the Shining One
 22801 | Crypt:3  | Reached ***** piety under the Shining One
 22858 | Crypt:3  | Reached skill level 5 in Shields
 22868 | Crypt:3  | Found a staircase to the Tomb.
 22988 | Crypt:3  | Found an ancient bone altar of Kikubaaqudgha.
 23033 | Crypt:3  | Noticed Xtahua
 23050 | Crypt:3  | Killed Xtahua
 23050 | Crypt:3  | Reached skill level 5 in Invocations
 23138 | Crypt:3  | Noticed an ancient lich
 23141 | Crypt:3  | Reached ****** piety under the Shining One
 23159 | Crypt:3  | Killed an ancient lich
 23172 | Crypt:3  | Noticed an ancient lich
 23182 | Crypt:3  | Killed an ancient lich
 24248 | Shoals:4 | Identified a +6 broad axe of holy wrath (a +4 broad axe of venom blessed by the Shining One)
 24248 | Shoals:4 | Received a gift from the Shining One
 24418 | Lair:5   | Identified the ring "Yled" {MR++ EV+4} (You took it off a naga on level 5 of the Depths)
 24681 | Lair:6   | Found a staircase to the Slime Pits.
 24729 | Slime:1  | Entered Level 1 of the Pits of Slime
 24768 | Slime:4  | Gained mutation: You are weak. (Str -2) [a shining eye]
 24779 | Slime:4  | Lost intelligence.
 24779 | Slime:4  | Gained mutation: You are dopey. (Int -2) [a shining eye]
 24780 | Slime:4  | Lost mutation: You are dopey. (Int -2) [a shining eye]
 24783 | Slime:4  | Lost mutation: You have supernaturally acute eyesight. (SInv) [a shining eye]
 24785 | Slime:4  | Lost mutation: You are very robust. (+20% HP) [a shining eye]
 24891 | Slime:5  | Entered Level 5 of the Pits of Slime
 25052 | Slime:4  | Reached XP level 24. HP: 189/246 MP: 25/30
 25092 | Slime:5  | Gained mutation: Armour fits poorly on your strangely shaped body. [a shining eye]
 25103 | Slime:5  | Noticed the Royal Jelly
 25133 | Slime:5  | Killed the Royal Jelly
 25133 | Slime:5  | Reached skill level 10 in Shields
 25401 | Slime:5  | Got a bound silver ring
 25402 | Slime:5  | Identified the ring "Vimeninoa" {*Tele Slay+3} (You found it on level 5 of the Pits of Slime)
 25451 | Slime:5  | Got a slimy rune of Zot
 25466 | Slime:5  | Got a slimy chain mail
 25467 | Slime:5  | Identified the +10 chain mail of Fejoiluk {Int+2} (You found it on level 5 of the Pits of Slime)
 25533 | Slime:1  | Gained mutation: You are very weak. (Str -4) [a shining eye]
 25542 | Slime:1  | Gained mutation: Your spells are easier to cast, but less powerful. [a shining eye]
 25908 | Vaults:1 | Lost mutation: Your spells are easier to cast, but less powerful. [potion of mutation]
 25908 | Vaults:1 | Lost mutation: You are very weak. (Str -4) [potion of mutation]
 25908 | Vaults:1 | Gained mutation: You have a beak for a mouth. [potion of mutation]
 25908 | Vaults:1 | Lost mutation: You tend to lose your temper in combat. [potion of mutation]
 26177 | Vaults:5 | Bought a potion of lignification for 57 gold pieces
 26177 | Vaults:5 | Bought a potion of berserk rage for 95 gold pieces
 26177 | Vaults:5 | Bought 2 potions of mutation for 304 gold pieces
 26177 | Vaults:5 | Lost mutation: Your spells are a little easier to cast, but a little less powerful. [potion of mutation]
 26177 | Vaults:5 | Lost mutation: You are covered in fur. (AC +1) [potion of mutation]
 26177 | Vaults:5 | Lost mutation: You are agile. (Dex +2) [potion of mutation]
 26177 | Vaults:5 | Lost mutation: You are weak. (Str -2) [potion of mutation]
 26177 | Vaults:5 | Lost mutation: Armour fits poorly on your strangely shaped body. [potion of mutation]
 26177 | Vaults:5 | Gained mutation: Your natural rate of healing is unusually fast. [potion of mutation]
 26177 | Vaults:5 | Gained mutation: You are resistant to hostile enchantments. (MR+) [potion of mutation]
 26177 | Vaults:5 | Gained mutation: You are agile. (Dex +2) [potion of mutation]
 26545 | Depths:1 | Learned a level 4 spell: Passage of Golubria
 26548 | Depths:1 | Learned a level 2 spell: Blink
 26568 | Depths:2 | Found Tekegh's Gadget Shop.
 26571 | Depths:2 | Noticed Sojobo
 26588 | Depths:2 | Reached skill level 1 in Spellcasting
 26602 | Depths:2 | Killed Sojobo
 26602 | Depths:2 | Reached skill level 1 in Translocations
 26604 | Depths:2 | Bought a sack of spiders for 240 gold pieces
 26668 | Depths:2 | Found a one-way gate to the infinite horrors of the Abyss.
 26827 | Depths:5 | Learned a level 5 spell: Summon Forest
 26833 | Depths:5 | Learned a level 5 spell: Aura of Abjuration
 26835 | Zot:1    | Entered Level 1 of the Realm of Zot
 27071 | Zot:2    | Reached skill level 10 in Invocations
 27339 | Zot:5    | Entered Level 5 of the Realm of Zot
 27857 | Hell     | Reached XP level 25. HP: 245/252 MP: 31/31
 27858 | Hell     | Found a gateway to the decaying netherworld of Tartarus.
 27884 | Tar:1    | Entered Level 1 of Tartarus
 27949 | Tar:1    | Paralysed by an eldritch tentacle for 3 turns
 27951 | Tar:1    | Gained mutation: You are dopey. (Int -2) [mutagenic glow]
 27983 | Tar:1    | Lost intelligence.
 27983 | Tar:1    | Gained mutation: You are very dopey. (Int -4) [mutagenic glow]
 28027 | Tar:1    | Reached skill level 5 in Translocations
 28160 | Tar:1    | Reached skill level 5 in Spellcasting
 28364 | Depths:1 | Lost mutation: You are very dopey. (Int -4) [potion of mutation]
 28364 | Depths:1 | Lost mutation: You are robust. (+10% HP) [potion of mutation]
 28364 | Depths:1 | Lost mutation: You are dopey. (Int -2) [potion of mutation]
 28364 | Depths:1 | Lost mutation: Your natural rate of healing is unusually fast. [potion of mutation]
 28364 | Depths:1 | Lost mutation: You are agile. (Dex +2) [potion of mutation]
 28364 | Depths:1 | Gained mutation: You are agile. (Dex +2) [potion of mutation]
 28364 | Depths:1 | Gained mutation: You are partially covered in yellow scales. (AC +2) [potion of mutation]
 28796 | Tar:4    | Gained mutation: You occasionally shout uncontrollably at your foes. [mutagenic glow]
 28842 | Tar:6    | Gained mutation: You are dopey. (Int -2) [mutagenic glow]
 28857 | Tar:6    | Lost mutation: You occasionally shout uncontrollably at your foes. [potion of mutation]
 28857 | Tar:6    | Lost mutation: You are resistant to hostile enchantments. (MR+) [potion of mutation]
 28857 | Tar:6    | Lost mutation: You are agile. (Dex +2) [potion of mutation]
 28857 | Tar:6    | Lost mutation: You are dopey. (Int -2) [potion of mutation]
 28857 | Tar:6    | Gained mutation: You have large cloven feet. [potion of mutation]
 29009 | Tar:7    | Entered Level 7 of Tartarus
 29320 | Tar:7    | Identified the Incunabulum of Scorching Unholy Secrets
 29436 | Tar:7    | Reached XP level 26. HP: 68/232 MP: 25/31
 29545 | Tar:7    | Reached skill level 15 in Shields
 29701 | Tar:7    | Reached skill level 1 in Summonings
 29999 | Tar:7    | Got a crude silver ring
 30000 | Tar:7    | Identified the ring of Wihewael {MR+ Str-3 Int+8} (You found it on level 7 of Tartarus)
 30571 | Tar:7    | Lost intelligence.
 30872 | Tar:7    | Noticed Ereshkigal
 30910 | Tar:7    | Killed Ereshkigal
 30953 | Tar:7    | Got a bone rune of Zot
 31326 | Tar:7    | Reached XP level 27. HP: 235/243 MP: 34/34
 31431 | Hell     | Found a gateway to the freezing wastes of Cocytus.
 31466 | Coc:1    | Entered Level 1 of Cocytus
 31720 | Coc:4    | Gained mutation: You are clumsy. (Dex -2) [mutagenic glow]
 31957 | Coc:6    | Reached skill level 5 in Summonings
 31980 | Coc:7    | Entered Level 7 of Cocytus
 33018 | Coc:7    | Noticed Antaeus
 33031 | Coc:7    | Was placed under penance by the Shining One
 33058 | Coc:7    | Killed Antaeus
 33079 | Coc:7    | Got an icy rune of Zot
 33122 | Coc:7    | Reached skill level 15 in Invocations
 33257 | Coc:7    | Reached skill level 10 in Translocations
 33683 | Hell     | Found a gateway to the Iron City of Dis.
 34028 | Hell     | Found a gateway to the ashen valley of Gehenna.
 34035 | Geh:1    | Entered Level 1 of Gehenna
 34362 | Geh:5    | Was forgiven by the Shining One
 34504 | Geh:7    | Entered Level 7 of Gehenna
 34588 | Geh:7    | Reached skill level 10 in Spellcasting
 34782 | Geh:7    | Noticed Asmodeus
 34800 | Geh:7    | Killed Asmodeus
 34822 | Geh:7    | Got an obsidian rune of Zot
 35107 | Dis:1    | Entered Level 1 of the Iron City of Dis
 35711 | Dis:2    | Paralysed by Trog for 5 turns
 35898 | Dis:4    | You fall through a shaft for 2 floors!
 35983 | Dis:7    | Entered Level 7 of the Iron City of Dis
 36103 | Dis:7    | HP: 7/247 [Brimstone Fiend/damnation[the effects of Hell] (28)]
 36191 | Dis:7    | Was forgiven by Trog
 36208 | Dis:7    | HP: 5/245 [iron giant/iron shot (36)]
 36208 | Dis:7    | Mangled by an iron dragon

Vault maps used:
D:1:      sevenhm_arrival_forest_fort_small_2
D:3:      uniq_purgy
D:4:      first_bread, uniq_pikel, uniq_robin, uniq_natasha
D:5:      grunt_temple_overflow_open, serial_glass, glass_columns_a,
          glass_columns_b, glass_columns_a, feat_on_display, feat_on_display,
          due_unseen_surprise, uniq_prince_ribbit1
D:6:      minmay_temple_entry_fiery, minmay_misc_feat_alley, eino_tiny_chamber,
          uniq_sigmund
D:7:      the_bakery, minmay_hedge_maze
D:8:      kennysheep_mini, serial_shops, nicolae_shop_behind_doors
D:9:      minmay_strange_pillars
D:10:     serial_shops, nicolae_shop_waterfront
D:11:     minmay_lair_entry_lava
D:12:     hiddenorc1_lemuel, serial_shops, nicolae_shop_stone, shop,
          nicolae_shop_trees, uniq_harold
D:13:     david_vaults_4, portal_ice_cave_entry_ice_beasts
D:14:     minmay_staircase_statues
D:15:     gammafunk_depths_entry_grave, hangedman_decor_opposing
Lair:1:   uniq_grum
Lair:2:   beast_lair_carwin_9, grunt_megastairs_5, lemuel_fruit_tree, uniq_urug,
          uniq_fannar
Lair:3:   elwin_shoals_entry_rocks, lab_entry_generic
Lair:4:   minmay_guarded_unrand_snakebite, spider_nest_entry_webs
Lair:5:   special_room, grunt_megastairs_3
Lair:6:   evil_forest, minmay_slime_entry_oklob_enclosed,
          grunt_forest_large_clearing_hut, infiniplex_staircase_pool,
          lemuel_fruit_fields, uniq_kirke
Shoals:1: uniq_louise, uniq_josephine
Shoals:2: serial_shops, bzr_entry_road, shop
Shoals:4: shoals_end_simple, shoals_ilsuiw_alternative, uniq_nikola
Spider:2: uniq_arachne
Spider:3: spider_trap
Spider:4: spider_rune_water, uniq_aizul, uniq_roxanne
Slime:2:  cheibrodos_slime_lost_civilization_5
Orc:1:    serial_shops, shop, uniq_maurice
Orc:2:    st_orc_town, uniq_nessos
Elf:1:    eino_elf_arrival_altar, minmay_elf_necromancy, st_stairs_6,
          nicolae_elf_glass_and_crystal_pillar_2
Elf:2:    basic_altar
Elf:3:    elf_hall, serial_shops, bzr_entry_lakeside, shop, uniq_donald,
          uniq_jorgrun
Vaults:1: st_more_cells, grunt_vaults_twisty, nicolae_vaults_yaktaur_gun_rack,
          v_alt_pattern_4, nicolae_vaults_windows_and_doors_thing,
          vaults_dpeg_spiral, v_misc_26, vaults_dpeg_doors, vaults_mumra_lcd
Vaults:2: dpeg_vaults_monster_row, nicolae_vaults_meeting, v_misc_3, v_misc_14,
          v_misc_15, v_alt_pattern_2, v_misc_30, hangedman_vaults_trim,
          serial_shops, shop
Vaults:3: hangedman_vaults_nodes, minmay_crypt_entry_nasty_monster,
          nicolae_vaults_lopsided_apartments, hangedman_vaults_impose,
          vaults_room_stairs_pillars, nicolae_vaults_gold_heap,
          dpeg_vaults_monster_box, nicolae_vaults_shelves_hall,
          nicolae_vaults_little_squares_4, v_misc_11, vaults_mumra_hex,
          vaults_dpeg_ring, nicolae_vaults_little_ls, serial_shops,
          bzr_entry_gold
Vaults:4: nicolae_vaults_three_branches, nicolae_vaults_angled_halls,
          hangedman_vaults_stream, ontoclasm_vaults_decontamination, v_misc_24,
          v_rooms_6, v_misc_23, ontoclasm_vaults_eye,
          vaults_room_stairs_pillars, nicolae_vaults_diagonal_hallway_7,
          vaults_dpeg_hooks, v_misc_14, nicolae_vaults_border_crossing
Vaults:5: uniq_margery
Crypt:1:  grunt_megastairs_4
Crypt:2:  nicolae_crypt_little_mausoleum
Crypt:3:  evilmike_haunted_forest, uniq_xtahua
Depths:1: grunt_hell_entry_dis_old, trove_entry_hex_spiral, ashenzari_altar_1,
          hangedman_eye_storm
Depths:2: angbandy_vault, enter_ziggurat_a, serial_shops, shop, abyss_entry,
          pf_coc_iceberg, minmay_misc_feat_cross,
          infiniplex_staircase_hallway_doors, uniq_sojobo
Depths:3: kennysheep_funnel, rand_demon_pan_entry_4, hex_tiny, hell_entry,
          cheibriados_altar_1, minmay_shoptagon, serial_bayou_shore_a,
          infiniplex_staircase_squiggle
Depths:4: minmay_open_boxes_in_corner, kennysheep_cluttered_room, hell_entry,
          hangedman_abyss_entry_splay, hangedman_abyss_or_decor_lesser_grid,
          minmay_staircase_bubble, serial_bayou_shore_b
Depths:5: hangedman_spin_cycle, hell_entry
Dis:1:    grunt_megastairs_2
Dis:2:    hangedman_dis_decor_tower
Dis:7:    iron_city_of_dis
Geh:2:    lemuel_flamethrower_3
Geh:7:    geh_grunt_pentagon
Coc:4:    door_vault
Coc:7:    coc_mu
Tar:4:    grunt_megastairs_1
Tar:5:    nicolae_tar_cuneiform_two
Tar:7:    tar_mu
Zot:1:    st_small_dragon_hoard_3
Zot:2:    st_stairs_3
Zot:5:    st_stairs_7
Lab:      nicolae_lab_dead_adventurers, nicolae_lab_stuck
Bazaar:   bazaar_minmay_snake, bazaar_minmay_row
IceCv:    ice_cave_caverns_01

Skill      XL: |  1  2  3  4  5  6  7  8  9 10 11 12 13 14 15 16 17 18 19 20 21 22 23 24 25 26 27 |
---------------+----------------------------------------------------------------------------------+-----
Fighting       | 4 5 6 7 8 9 11 12 13 14 15 16 17 18 19 20 | 20.4
Axes           | 4 5 6 8 10 11 13 14 15 16 17 18 20 21 22 23 24 25 26 | 26.3
Armour         | 3 4 5 7 8 9 10 11 12 13 14 15 16 17 18 19 | 19.7
Dodging        | 3 4 6 7 8 10 11 12 13 14 15 16 17 18 | 18.8
Evocations     | 4 7 9 11 12 13 14 | 14.3
Throwing       | 3 6 7 9 10 | 10.3
Crossbows      | 4 11 14 | 14.9
Invocations    | 8 10 12 14 16 | 16.4
Shields        | 9 12 14 16 17 | 17.8
Spellcasting   | 4 6 8 10 | 10.8
Translocations | 4 7 8 11 | 11.4
Summonings     | 4 8 |  8.7

Action                   |  1- 3 |  4- 6 |  7- 9 | 10-12 | 13-15 | 16-18 | 19-21 | 22-24 | 25-27 || total
-------------------------+-------+-------+-------+-------+-------+-------+-------+-------+-------++-------
Melee: Hand axe          |    30 |    33 |   135 |    12 |       |       |       |       |       ||   210
       Headbutt          |     5 |     7 |    35 |   104 |   209 |   186 |   406 |   623 |   854 ||  2429
       War axe           |       |       |    40 |   439 |   146 |       |       |       |       ||   625
       Battleaxe         |       |       |       |       |   608 |    43 |    14 |       |       ||   665
       Executioner's axe |       |       |       |       |    30 |   540 |  1205 |   451 |       ||  2226
       Broad axe         |       |       |       |       |       |       |    88 |  1227 |  2592 ||  3907
       Unarmed           |       |       |       |       |       |       |    11 |       |       ||    11
       Peck              |       |       |       |       |       |       |       |   160 |   806 ||   966
 Fire: Heavy crossbow    |       |       |       |       |       |       |       |     2 |       ||     2
Throw: Tomahawk          |       |       |       |     1 |     5 |       |       |       |       ||     6
 Cast: Blink             |       |       |       |       |       |       |       |       |   115 ||   115
Invok: Berserk           |     1 |     2 |     7 |    15 |    20 |     7 |    22 |     1 |       ||    75
       Burn Spellbooks   |       |       |     1 |     3 |     2 |     4 |     4 |       |       ||    14
       Trog's Hand       |       |       |     1 |     4 |     2 |     3 |     4 |       |       ||    14
       Brothers in Arms  |       |       |       |     6 |     3 |     9 |     1 |       |       ||    19
       Divine Shield     |       |       |       |       |       |       |       |     3 |     1 ||     4
       Brand Weapon With |       |       |       |       |       |       |       |     1 |       ||     1
       Summon Divine War |       |       |       |       |       |       |       |     2 |    11 ||    13
       Cleansing Flame   |       |       |       |       |       |       |       |       |     4 ||     4
 Abil: Evoke Flight      |       |       |       |       |       |       |     1 |       |       ||     1
Evoke: Wand              |       |       |       |     8 |     9 |     2 |    14 |    15 |     5 ||    53
       Lightning rod     |       |       |       |       |       |       |       |     4 |       ||     4
       Lamp of fire      |       |       |       |       |       |       |       |     1 |     2 ||     3
       Box of beasts     |       |       |       |       |       |       |       |       |     6 ||     6
       Sack of spiders   |       |       |       |       |       |       |       |       |     1 ||     1
  Use: Potion            |       |     4 |       |     7 |     1 |     5 |     5 |     2 |    18 ||    42
       Scroll            |       |       |     3 |     6 |     7 |    16 |    24 |    32 |     6 ||    94
 Stab: Distracted        |       |       |       |       |       |     2 |     2 |     1 |       ||     5
  Eat: Chunk             |       |       |    10 |    27 |    34 |    32 |    67 |    18 |     9 ||   197
       Bread ration      |       |       |       |     1 |     2 |     3 |     3 |     2 |     4 ||    15
       Fruit             |       |       |       |       |       |     1 |       |     5 |       ||     6
       Meat ration       |       |       |       |       |       |       |     2 |       |     3 ||     5
       Royal jelly       |       |       |       |       |       |       |     2 |     4 |     1 ||     7
Armor: Animal skin       |     5 |     7 |       |       |       |       |       |       |       ||    12
       Scale mail        |       |     5 |     2 |       |       |       |       |       |       ||     7
       Chain mail        |       |       |    52 |    20 |       |       |     2 |       |       ||    74
       Plate armour      |       |       |       |    93 |       |       |       |   602 |       ||   695
       Skin              |       |       |       |    29 |       |       |       |       |       ||    29
       Crystal plate arm |       |       |       |    84 |   750 |   525 |   920 |   171 |  1118 ||  3568
Dodge: Dodged            |    22 |    18 |    85 |   261 |   594 |   506 |  1150 |  1202 |  1247 ||  5085
Block: Other             |       |     4 |    21 |    69 |   175 |   100 |   242 |    70 |       ||   681
       Shield            |       |       |       |       |       |       |       |  1148 |  2505 ||  3653
